 Dungeon Crawl Stone Soup version 0.30-a0-723-gc1506a1cf0 (webtiles) character file.

Game seed: 10361272737549307100

7 kae the Sneak (level 1, 0/9 HPs)
             Began as a Spriggan Enchanter on Jan 28, 2023.
             Killed from afar by a dart slug (5 damage)
             ... with a slug dart
             ... on level 1 of the Dungeon.
             The game lasted 00:00:09 (78 turns).

kae the Sneak (Spriggan Enchanter)                    Turns: 78, Time: 00:00:10

Health: 0/9        AC:  2    Str:  4    XL:     1   Next: 91%
Magic:  5/5        EV: 17    Int: 16    God:
Gold:   0          SH:  0    Dex: 15    Spells: 5/5 levels left

rFire   . . .      SeeInvis +    a - +1 dagger
rCold   . . .      Faith    .    (no shield)
rNeg    . . .      Spirit   .    b - +0 robe
rPois   .          Reflect  .    (helmet restricted)
rElec   .          Harm     .    (no cloak)
rCorr   .          Rampage  .    (gloves unavailable)
Will    .....                    (boots unavailable)
Stlth   +++                      (no amulet)
HPRegen 0.21/turn                (no ring)
MPRegen 0.09/turn                (no ring)

@: very quick
A: very small, no large weapons, unfitting armour, see invisible, speed 3
a: no special abilities


You were on level 1 of the Dungeon.
You visited 1 branch of the dungeon, and saw 1 of its levels.


Innate Abilities, Weirdness & Mutations

You are very small and have problems with some larger weapons.
You are too small for most types of armour.
You have supernaturally acute eyesight. (SInv)
You cover ground extremely quickly. (Speed+++)


   Skills:
 * Level 1.4 Short Blades
 + Level 2.8 Dodging
 + Level 4.5 Stealth
 + Level 2.8 Spellcasting
 * Level 3.8 Hexes


You had 5 spell levels left.
You didn't know any spells.
Your spell library contained the following spells:

 Spells                   Type           Power      Damage    Failure   Level
 Confusing Touch          Hex            14%        N/A       12%         3
 Tukima's Dance           Hex            14%        N/A       12%         3
 Ensorcelled Hibernation  Hex/Ice        16%        N/A       13%         2
 Dazzling Flash           Conj/Hex       16%        N/A       26%         3

Inventory:

Hand Weapons
 a - a +1 dagger (weapon)
Missiles
 e - 2 stones (quivered)
Armour
 b - a +0 robe (worn)
Potions
 c - 2 potions of invisibility
 d - a potion of brilliance {unknown}

Dungeon Overview and Level Annotations

Branches:
Dungeon (1/15) Zot: 5942

Altars:

#.#?#.#.##
#.#.###.#..#
#.....).)..##
#.#.###†#...#
......g...#.#
...).$##..#.#
......
##...####
...w.
##$.w.r#
..... #.###@#
.... #.# #)#
.... #.# #†#
#.###.#
#.#...#
#.#.### #.#.#
#.#.#
#####.#.#


You could see a dart slug and a quokka.


Message History

There are monsters nearby!
A giant cockroach comes into view.
A hobgoblin and a kobold come into view.
There are monsters nearby!
There are monsters nearby!
The helpless rat fails to defend itself.
You puncture the rat!
You kill the rat!
The kobold shouts!
There are monsters nearby!
A hobgoblin comes into view.
The hobgoblin shouts! x2
The goblin hits you but does no damage.
You see here a rat corpse.
You hit the goblin.
There are monsters nearby!
You hit the goblin. The goblin closely misses you.
The giant cockroach misses you.
A dart slug comes into view.
You closely miss the goblin. The goblin hits you but does no damage.
The giant cockroach completely misses you.
You barely miss the goblin.
A kobold comes into view. It is wielding a +0 dagger.
A quokka comes into view.
The goblin closely misses you. The giant cockroach closely misses you.
You barely miss the goblin. The goblin completely misses you.
The giant cockroach bites you but does no damage.
There are monsters nearby!
The kobold shouts!
You hit the goblin.
You kill the goblin!
The giant cockroach misses you.
You hit the kobold.
You kill the kobold!
The giant cockroach misses you.
There are monsters nearby!
You hit the giant cockroach but do no damage.
The giant cockroach barely misses you.
You hit the hobgoblin.
The giant cockroach bites you but does no damage.
The hobgoblin hits you. The giant cockroach barely misses you.
There are monsters nearby!
You are too injured to fight recklessly!
You are too injured to fight recklessly!
You are too injured to fight recklessly!
You are too injured to fight recklessly! 😮 HP[-3]
You take 3 damage, and now have 6/9 hp.
MASSIVE DAMAGE!! (PAUSE) 😕 HP[+1] 😕 HP[+1]
The giant cockroach completely misses you.
The giant cockroach misses you.
You hit the giant cockroach.
You kill the giant cockroach! 😎 HP[+1]
Your hp is fully restored (9).
You closely miss the hobgoblin. The hobgoblin closely misses you.
You hit the hobgoblin. The hobgoblin barely misses you.
You hit the hobgoblin.
You kill the hobgoblin!
The kobold throws a stone.
The stone hits you. 😕 HP[-1]
You take 1 damage, and now have 8/9 hp.
You see here a giant cockroach corpse.
You barely miss the kobold. The kobold barely misses you.
You closely miss the kobold.
The kobold hits you with a +0 dagger. 😮 HP[-2]
You take 2 damage, and now have 6/9 hp.
MASSIVE DAMAGE!! (PAUSE)
You hit the kobold.
You kill the kobold!
Unknown command.
You hit the hobgoblin. The hobgoblin barely misses you.
You closely miss the hobgoblin. The hobgoblin misses you.
Unknown command.
You hit the hobgoblin.
You kill the hobgoblin!
e - 2 stones
Things that are here:
a +0 dagger; a hobgoblin corpse 😕 HP[+1]
There are monsters nearby!
You hit the quokka but do no damage. The quokka misses you.
The dart slug launches a dart at you. The slug dart misses you.
You closely miss the quokka. The quokka closely misses you.
The quokka bites you.
* * * LOW HITPOINT WARNING * * *
You are too injured to fight recklessly! 😨 HP[-3]
You take 3 damage, and now have 4/9 hp.
MASSIVE DAMAGE!! (PAUSE)
You closely miss the quokka.
The quokka bites you but does no damage.
You hit the quokka but do no damage. The dart slug launches a dart at you.
The slug dart hits you.
Ouch! That really hurt!
You die...

Action                     || total
---------------------------++-------
  Melee: Dagger            ||    24
   Stab: Sleeping          ||     1
 Armour: Robe              ||     5
  Dodge: Dodged            ||    20

Levels and vault maps discovered:
D:1:      tarquinn_simple_flora_water_a, layout_basic, glass_columns_c,
          minmay_surrounded

Notes
Turn   | Place    | Note
-------+----------+-------------------------------------------
     0 | D:1      | kae the Spriggan Enchanter began the quest for the Orb.
     0 | D:1      | Reached XP level 1. HP: 9/9 MP: 5/5
     0 | D:1      | magus.rc [v1.11.3]
    78 | D:1      | Killed from afar by a dart slug

Vanquished Creatures
  A giant cockroach (D:1)
  A goblin (D:1)
  2 hobgoblins (D:1)
  2 kobolds (D:1)
  A rat (D:1)
7 creatures vanquished.

Table legend:
 A = Non-vault XP
 B = Vault XP
 C = Vault XP percentage of total XP
 D = Non-vault monster count
 E = Vault monster count
 F = Vault count percentage of total count
                 A         B        C        D         E       F
            +---------+---------+-------+---------+---------+-------
      Total |       4 |       7 |  63.6 |       3 |       4 |  57.1
            +---------+---------+-------+---------+---------+-------
        D:1 |       4 |       7 |  63.6 |       3 |       4 |  57.1
            +---------+---------+-------+---------+---------+-------

Illustrated notes

Table legend:
 A = Kills in this place as a percentage of kills in entire the game.
 B = Kills by you in this place as a percentage of kills by you in the entire game.
 C = Kills by friends in this place as a percentage of kills by friends in the entire game.
 D = Other kills in this place as a percentage of other kills in the entire game.
 E = Experience gained in this place as a percentage of experience gained in the entire game.
 F = Experience gained in this place divided by the number of levels of this place that you have seen.
                   A       B       C       D       E      F
               +-------+-------+-------+-------+-------+----------------------
         Total | 100.0 | 100.0 |   N/A |   N/A | 100.0 |  11.0
       Dungeon | 100.0 | 100.0 |   N/A |   N/A | 100.0 |  11.0
               +-------+-------+-------+-------+-------+----------------------

Table legend: (Time is in decaauts)
 A = Elapsed time spent in this place.
 B = Non-inter-level travel time spent in this place.
 C = Inter-level travel time spent in this place.
 D = Time resting spent in this place.
 E = Time spent auto-exploring this place.
 F = Levels seen in this place.
 G = Mean time per level.
                   A        B        C        D        E       F      G
               +--------+--------+--------+--------+--------+-----+--------+
         Total |     57 |     57 |      0 |      0 |     17 |   1 |   57.0 |
       Dungeon |     57 |     57 |      0 |      0 |     17 |   1 |   57.0 |
               +--------+--------+--------+--------+--------+-----+--------+

Top non-repeatable levels by time:
     D:1: 57 daAuts
